 Dungeon Crawl Stone Soup version 0.26-b1-32-g5d43845318 (webtiles) character file.

Game seed: 3924809424598978921

212 inmateoo the Ruffian (level 5, 0/46 HPs)
             Began as a Ghoul Monk on Jan 13, 2021.
             Slain by Menkaure (13 damage)
             ... on level 4 of the Dungeon.
             The game lasted 00:02:25 (1953 turns).

inmateoo the Ruffian (Ghoul Monk)                   Turns: 1953, Time: 00:02:26

Health: 0/46       AC: 11    Str: 15    XL:     5   Next: 89%
Magic:  4/4        EV:  6    Int:  6    God:
Gold:   130        SH:  3    Dex: 11    Spells: 4/4 levels left

rFire    . . .     SeeInvis .     - Unarmed
rCold    + . .     Faith    .   m - +0 buckler
rNeg     + + +     Spirit   .   a - +0 chain mail
rPois    ∞         Reflect  .   (no helmet)
rElec    .         Harm     .   (no cloak)
rCorr    +         Rampage  .   (no gloves)
Will     .....                  c - +2 pair of boots
Stlth    ..........             (no amulet)
HPRegen  0.00/turn              h - ring of resist corrosion
MPRegen  0.09/turn              (no ring)

@: very slightly contaminated, invisible
A: claws 1, cold resistance 1, negative energy resistance 3, inhibited
regeneration, torment resistance, unbreathing
a: no special abilities


You were on level 4 of the Dungeon.
You visited 1 branch of the dungeon, and saw 4 of its levels.

You collected 130 gold pieces.

Inventory:

Missiles
 b - 13 poisoned darts (quivered)
Armour
 a - a +0 chain mail (worn)
 c - a +2 pair of boots (worn)
 m - a +0 buckler (worn)
Jewellery
 h - a ring of resist corrosion (left claw)
Scrolls
 e - 2 scrolls of remove curse
 j - a scroll of random uselessness {unknown}
 k - a scroll of teleportation
Potions
 d - a potion of flight {unknown}
 f - a potion of curing {unknown}
 g - a potion of degeneration {unknown}
 i - a potion of haste


   Skills:
 + Level 4.2 Fighting
 + Level 2.0 Armour
 + Level 3.4 Dodging
 - Level 2.1 Stealth
 + Level 0.0 Shields
 * Level 5.1 Unarmed Combat


You had 4 spell levels left.
You didn't know any spells.
Your spell library was empty.

Dungeon Overview and Level Annotations

Branches:
Dungeon (4/15)
 Temple: D:4-7

Altars:
Gozag
Wu Jian

Annotations:
D:4 Menkaure


Innate Abilities, Weirdness & Mutations

You thrive by killing the living.
You are immune to poison.
You have sharp fingernails.
Your flesh is cold resistant. (rC+)
You are immune to negative energy. (rN+++)
You do not regenerate when monsters are visible.
You are immune to unholy pain and torment.
You can survive without breathing.


Message History

* * * LOW HITPOINT WARNING * * *
You are too injured to fight recklessly!
You completely miss Menkaure.
Menkaure is moderately damaged.
You block Menkaure's attack. Menkaure barely misses you.
Unknown command.
You barely miss Menkaure.
Menkaure is moderately damaged.
Menkaure barely misses you.
Press: ? - help, v - describe, . - travel
Here: Menkaure (moderately damaged, fast)
The floor.
You fade into invisibility!
Menkaure hits you but does no damage.
You are very lightly contaminated with residual magic.
Unknown command.
You closely miss Menkaure.
Menkaure is moderately damaged.
Menkaure hits you!
You die...

.... #..###
#.... #...#
#...# #.<.# ≈
#...# .P≈
###.##...#..≈≈≈
.......@.?..P≈≈
##.###.M...≈≈P≈
#...≈P≈≈≈≈
#.#.≈≈≈≈≈≈ #.
..≈≈≈≈≈ #.
.≈P≈≈≈≈ ..
..P≈≈≈≈ .#
..≈≈≈≈≈


You could see Menkaure (fast).

Vanquished Creatures
  A necrophage (D:2)
  An orc wizard (D:3)
  2 adders
  An ooze (D:3)
  2 worms
  4 dart slugs (D:1)
  A leopard gecko (D:2)
  4 orcs (D:3)
  A ball python (D:2)
  4 bats
  A giant cockroach (D:2)
  4 goblins
  6 hobgoblins
  2 jackals (D:3)
  2 frilled lizards
  6 kobolds
  6 rats
48 creatures vanquished.

Vanquished Creatures (others)
  An orc wizard (D:3)
1 creature vanquished.

Grand Total: 49 creatures vanquished

Notes
Turn   | Place    | Note
-------+----------+-------------------------------------------
     0 | D:1      | inmateoo the Ghoul Monk began the quest for the Orb.
     0 | D:1      | Reached XP level 1. HP: 19/19 MP: 0/0
   104 | D:1      | Reached XP level 2. HP: 25/26 MP: 1/1
   534 | D:1      | Reached XP level 3. HP: 29/31 MP: 2/2
   807 | D:2      | Noticed a necrophage
   907 | D:2      | Found an ornate altar of the Wu Jian Council.
   953 | D:2      | Reached skill level 4 in Unarmed Combat
   983 | D:2      | Reached skill level 1 in Armour
  1174 | D:2      | Killed a necrophage
  1175 | D:2      | Reached XP level 4. HP: 30/40 MP: 3/3
  1175 | D:2      | Reached XP level 5. HP: 34/46 MP: 4/4
  1525 | D:3      | Reached skill level 5 in Unarmed Combat
  1534 | D:3      | Found an opulent altar of Gozag.
  1942 | D:4      | Noticed Menkaure
  1953 | D:4      | Slain by Menkaure

Illustrated notes

Levels and vault maps discovered:
D:1:      dpeg_arrival_shrine, layout_basic
D:2:      layout_basic, nicolae_overflow_crystal_walls
D:3:      layout_basic, grunt_gozag_statues
D:4:      layout_loops_ring, riverfiend_overflow_shadow_ancestor,
          chequers_big_river, uniq_blork_the_orc, uniq_menkaure

Skill      XL: |  1  2  3  4  5 |
---------------+----------------+-----
Unarmed Combat | 4 5 |  5.1
Dodging        | 3 |  3.4
Armour         | 1 2 |  2.0
Fighting       | 4 |  4.2
Stealth        | |  2.1

Action                   |  1- 3 |  4- 6 || total
-------------------------+-------+-------++-------
Melee: Unarmed           |   120 |    61 ||   181
       Punch             |     2 |     2 ||     4
  Use: Scroll            |     4 |     4 ||     8
       Potion            |       |     1 ||     1
 Stab: Sleeping          |     2 |       ||     2
Armor: Robe              |     1 |       ||     1
       Ring mail         |    17 |       ||    17
       Chain mail        |    18 |    31 ||    49
Dodge: Dodged            |    61 |    16 ||    77
Block: Buckler           |       |     1 ||     1
